 Dungeon Crawl Stone Soup version 0.22.1-2-g9c5b331 (webtiles) character file.

85 diana the Sneak (level 4, -6/33 HPs)
             Began as a Demonspawn Assassin on Dec 28, 2018.
             Mangled by a gnoll
             ... wielding a +2 whip of electrocution
              (14 damage)
             ... on level 2 of the Dungeon.
             The game lasted 00:02:26 (1628 turns).

diana the Sneak (Demonspawn Assassin)               Turns: 1628, Time: 00:02:27

Health: -6/33      AC:  5    Str: 12    XL:     4   Next: 25%
Magic:  4/4        EV: 12    Int: 12    God:
Gold:   90         SH:  0    Dex: 15    Spells: 3/3 levels left

rFire    + . .     SeeInvis .   m - +2 dagger (flame)
rCold    . . .     Gourm    .   (no shield)
rNeg     . . .     Faith    .   c - +0 robe
rPois    .         Spirit   .   (no helmet)
rElec    .         Reflect  .   d - +0 cloak
rCorr    .         Harm     .   (no gloves)
MR       .....                  (no boots)
Stlth    +++.......             (no amulet)
HPRegen  0.11/turn              (no ring)
MPRegen  0.09/turn              (no ring)

@: no status effects
A: hooves 1, icy blue scales 1, fire resistance 1
a: no special abilities


You were on level 2 of the Dungeon.
You were not hungry.

You visited 1 branch of the dungeon, and saw 2 of its levels.

You collected 90 gold pieces.

Inventory:

Hand Weapons
 a - a +2 dagger
 b - a +0 blowgun
 m - a +2 dagger of flaming (weapon)
Missiles
 e - 8 poisoned needles
 f - 2 curare-tipped needles
Armour
 c - a +0 robe (worn)
 d - a +0 cloak (worn)
Scrolls
 h - 3 scrolls of identify {unknown}
 i - 2 scrolls of fog {unknown}
 j - a scroll of remove curse {unknown}
 k - a scroll of teleportation {unknown}
 l - a scroll of enchant armour {unknown}
Comestibles
 g - 3 rations


   Skills:
 - Level 2.0 Fighting
 + Level 2.8 Short Blades
 - Level 2.0 Throwing
 - Level 2.0 Dodging
 + Level 4.3 Stealth


You had 3 spell levels left.
You didn't know any spells.
Your spell library was empty.

Dungeon Overview and Level Annotations

Branches:
Dungeon (2/15)

Altars:


Innate Abilities, Weirdness & Mutations

You have large cloven feet.
You are partially covered in icy blue scales. (AC +2)
Your flesh is heat resistant. (rF+)


Message History

The gnoll closely misses you. The gnoll misses you.
You hit the gnoll. You burn the gnoll.
The gnoll is moderately wounded.
The gnoll closely misses you.
You hit the gnoll but do no damage. Your kick misses the gnoll.
The gnoll is moderately wounded.
The gnoll misses you.
You barely miss the gnoll.
The gnoll is moderately wounded.
The gnoll misses you.
You hit the gnoll but do no damage.
The gnoll is moderately wounded.
The gnoll closely misses you.
You hit the gnoll but do no damage.
The gnoll is moderately wounded.
The gnoll hits you with a whip of electrocution!
* * * LOW HITPOINT WARNING * * *
You are electrocuted!
You die...

####....#.#####............
....###.......#...().......
.........####.#............
..........# #............
........#.# #............
........#..# ###'#######.#
........##.# #..........#
###'##### .# #.#######..
....# .# #@# # .#### ..
#g### .# #. #g..+ .# #..
#)### .# #...##.# # .#
#...#..###.### ##
#...'.........
###.#.........
...#.....####


You could see 2 gnolls.

Vanquished Creatures
  A gnoll (D:2)
  4 adders (D:2)
  2 worms (D:2)
  A leopard gecko (D:1)
  4 giant cockroaches
  4 goblins
  A hobgoblin (D:2)
  5 kobolds
  A quokka (D:2)
  A ball python (D:1)
  3 bats (D:2)
  2 frilled lizards (D:2)
  4 rats
33 creatures vanquished.

Notes
Turn   | Place    | Note
-------+----------+-------------------------------------------
     0 | D:1      | diana the Demonspawn Assassin began the quest for the Orb.
     0 | D:1      | Reached XP level 1. HP: 16/16 MP: 1/1
    16 | D:1      | Reached skill level 1 in Dodging
   118 | D:1      | Gained mutation: You are partially covered in icy blue
                  | scales. (AC +2) [demonic ancestry]
   118 | D:1      | Reached XP level 2. HP: 22/22 MP: 2/2
  1353 | D:2      | Reached skill level 4 in Stealth
  1353 | D:2      | Gained mutation: You have large cloven feet. [demonic
                  | ancestry]
  1353 | D:2      | Reached XP level 3. HP: 17/27 MP: 3/3
  1581 | D:2      | Gained mutation: Your flesh is heat resistant. (rF+)
                  | [demonic ancestry]
  1581 | D:2      | Reached XP level 4. HP: 21/33 MP: 4/4
  1628 | D:2      | Mangled by a gnoll

Skill      XL: |  1  2  3 |
---------------+----------+-----
Dodging        | 1 2 |  2.0
Short Blades   | 2 |  2.8
Throwing       | 2 |  2.0
Stealth        | 4 |  4.3
Fighting       | |  2.0

Action                   |  1- 3 |  4- 6 || total
-------------------------+-------+-------++-------
Melee: Dagger            |   108 |    16 ||   124
       Kick              |     6 |     2 ||     8
 Fire: Blowgun           |     8 |       ||     8
 Stab: Sleeping          |     7 |       ||     7
  Eat: Chunk             |     1 |     1 ||     2
Armor: Robe              |    29 |     1 ||    30
Dodge: Dodged            |    62 |    16 ||    78
